Map: [ESL] Goldenaura

Players

Oliveira

  • Race: Terran Terran
  • Spawn Location: 12:00

Lemon - Winner!

  • Race: Protoss Protoss
  • Spawn Location: 5:00

Event: ESL SC2 Masters 2024 Spring (Regional)

VOD

Have the link to the VOD?

Description

Time

  • Played on: April 14, 2024, 5:51 a.m.
  • Length: 17:01

All games in this series

Show
View Real Time Build Order
Export as new Build Order

Oliveira Terran 

Build Orders: 1/1/1 

Get SALT Encoding   

  12  0:00  SCV  
  13  0:12  SCV  
  14  0:17  Supply Depot  
  14  0:24  SCV  
  15  0:39  SCV  
  15  0:40  Barracks  
  16  0:44  Refinery  
  16  0:51  SCV  
  16  0:54  Refinery  
  17  1:03  SCV  
  18  1:15  SCV  
  19  1:27  Orbital Command, Reaper  
  19  1:29  Supply Depot  
  20  1:42  Factory  
  20  1:53  SCV  
  21  2:00  Barracks Reactor  
  21  2:05  SCV  
  22  2:17  SCV  
  22  2:19  Command Center  
  23  2:28  Starport  
  23  2:29  SCV  
  24  2:36  Supply Depot  
  24  2:39  Widow Mine  
  24  2:42  SCV  
  27  2:44  Marine  
  27  2:48  Marine  
  29  2:54  SCV  
  30  3:00  Factory Tech Lab  
  30  3:02  Marine  
  31  3:05  Marine  
  31  3:06  Medivac  
  31  3:09  SCV  
  35  3:19  Marine  
  35  3:23  Siege Tank  
  39  3:30  SCV, Marine  
  41  3:34  Orbital Command  
  41  3:42  SCV  
  41  3:44  Marine  
  41  3:48  Marine  
  44  3:52  Supply Depot, Orbital Command  
  47  3:55  Siege Tank  
  47  3:58  SCV  
  47  4:02  Marine  
  48  4:10  Marine  
  48  4:13  Liberator  
  52  4:17  SCV  
  52  4:19  Marine  
  52  4:20  SCV  
  55  4:27  Supply Depot  
  55  4:28  Marine  
  55  4:29  SCV  
  57  4:33  Siege Tank  
  57  4:34  SCV  
  57  4:37  Marine  
  62  4:48  Marine  
  62  4:49  SCV x2, Supply Depot  
  65  4:55  Marine  
  65  4:56  Liberator  
  69  5:01  SCV  
  70  5:09  Marine  
  70  5:10  SCV, Supply Depot  
  70  5:13  Marine  
  69  5:25  SCV, Siege Tank  
  69  5:26  SCV  
  69  5:27  Marine  
  69  5:28  Command Center  
  71  5:31  Marine  
  63  5:40  SCV  
  63  5:42  SCV  
  56  5:45  Bunker, Marine  
  56  5:48  Marine  
  56  5:49  Barracks  
  58  5:50  Barracks  
  58  5:53  SCV, Engineering Bay  
  58  5:54  SCV  
  60  5:57  Siege Tank  
  60  6:03  Marine  
  64  6:05  SCV  
  64  6:06  SCV  
  64  6:07  Supply Depot, Refinery  
  66  6:16  Barracks  
  66  6:17  SCV  
  66  6:18  Barracks  
  67  6:19  SCV, Refinery  
  67  6:20  Terran Infantry Weapons Level 1  
  67  6:21  Marine x2  
  70  6:29  SCV  
  70  6:31  SCV  
  72  6:33  Supply Depot  
  72  6:35  Factory Reactor  
  72  6:38  Barracks Tech Lab  
  72  6:41  SCV  
  72  6:43  Marine x2  
  72  6:45  Stimpack, Orbital Command  
  72  6:46  Starport Reactor, SCV, Marauder  
  75  6:51  Engineering Bay  
  75  6:53  SCV  
  76  6:57  Supply Depot, Marauder  
  76  6:58  SCV  
  76  6:59  Combat Shield  
  79  7:02  Marine  
  79  7:03  Marine  
  79  7:05  SCV  
  79  7:06  Barracks Reactor, Orbital Command  
  82  7:09  Barracks Tech Lab  
  82  7:10  SCV  
  82  7:11  Missile Turret  
  82  7:15  Marauder  
  85  7:16  Widow Mine x2  
  85  7:17  SCV  
  85  7:20  Terran Infantry Armor Level 1  
  90  7:23  Marauder  
  90  7:25  Marine x2  
  90  7:27  SCV  
  90  7:29  SCV  
  96  7:32  SCV, Marauder  
  99  7:37  Marauder  
  99  7:38  Concussive Shells, Missile Turret  
  99  7:40  SCV  
  99  7:43  Marine  
  103  7:44  Medivac  
  103  7:48  Marine x2  
  103  7:49  Medivac  
  103  7:51  Marauder  
  111  7:52  SCV  
  111  7:53  SCV  
  111  7:54  Supply Depot  
  111  7:55  Supply Depot  
  111  7:56  SCV  
  114  7:59  Widow Mine x2  
  114  8:01  Marauder  
  114  8:02  Marine  
  121  8:05  Refinery  
  121  8:06  Refinery  
  121  8:07  Marauder  
  121  8:08  Marine  
  121  8:09  Marine  
  121  8:12  Marine  
  125  8:13  Supply Depot  
  125  8:16  SCV x2  
  125  8:19  Marine  
  128  8:20  Marine  
  128  8:21  Medivac  
  128  8:23  Medivac, Supply Depot  
  128  8:25  Widow Mine  
  128  8:26  Widow Mine  
  136  8:33  Supply Depot  
  136  8:34  Armory  
  136  8:40  Marauder x2, Marine x3  
  143  8:43  Marine  
  143  8:44  Marauder  
  146  8:48  Supply Depot  
  146  8:50  Widow Mine x2  
  150  8:56  Supply Depot  
  150  8:58  Marine  
  149  9:05  Medivac x2  
  149  9:06  Marauder x3  
  159  9:18  Widow Mine x2  
  159  9:22  Terran Infantry Weapons Level 2, Terran Infantry Armor Level 2  
  162  9:24  Command Center  
  162  9:29  Supply Depot  
  161  9:36  Marauder x2  
  162  9:40  Marine x2  
  162  9:41  Marauder  
  162  9:42  Widow Mine x2  
  162  9:44  Viking x2  
  173  9:53  Marine  
  173  9:57  Marauder, Marine  
  173  9:58  Marauder  
  179  10:04  Ghost Academy, Marine  
  179  10:05  Marauder, Marine  
  179  10:06  Widow Mine x2  
  187  10:12  Barracks x2  
  187  10:13  SCV x2  
  189  10:15  Barracks  
  189  10:26  Marine  
  189  10:35  Marine  
  189  10:36  Marauder  
  189  10:40  Ghost  
  185  10:47  Marine  
  185  10:48  Marauder, Marine  
  181  10:50  Marine  
  181  10:55  Marine  
  181  10:57  Medivac, Marine  
  159  10:59  Widow Mine x2  
  159  11:04  Barracks Tech Lab x2  
  139  11:05  Barracks Tech Lab, Planetary Fortress, Marine x2  
  139  11:06  SCV x2  
  139  11:07  SCV  
  139  11:09  Ghost, Marauder  
  140  11:12  Marine  
  140  11:13  Viking  
  144  11:18  SCV x2  
  144  11:19  SCV  
  144  11:20  Terran Ship Weapons Level 1  
  144  11:21  Sensor Tower  
  144  11:23  Marauder x2  
  150  11:27  Marauder  
  150  11:28  Command Center  
  150  11:30  SCV x2, Marine x2  
  150  11:31  Widow Mine x2  
  156  11:35  Marine x2  
  156  11:36  Marauder  
  160  11:41  Terran Infantry Weapons Level 3  
  160  11:43  Terran Infantry Armor Level 3  
  160  11:53  Medivac x2  
  150  11:54  Ghost x2  
  150  11:59  Marauder x3  
  160  12:01  Marine x2  
  161  12:10  Widow Mine  
  161  12:11  Widow Mine  
  161  12:13  Marauder  
  164  12:18  Sensor Tower  
  164  12:20  Marauder x2  
  164  12:21  Marauder  
  164  12:25  Marine x3, Marauder x2  
  164  12:26  Medivac x2  
  173  12:33  Ghost  
  173  12:35  Command Center  
  175  12:38  Missile Turret  
  175  12:42  Marauder  
  177  12:52  Marauder x2, Marine x2  
  177  12:54  Marine x2  
  177  12:55  Marauder  
  177  12:56  Widow Mine x2  
  186  13:18  Marauder, Marine  
  186  13:19  Medivac x2  
  182  13:20  Widow Mine x2, Marine  
  182  13:21  Marauder, Marine  
  182  13:24  Marine x2  
  182  13:25  Marauder  
  180  13:29  Marine x2  
  180  13:33  Planetary Fortress  
  171  13:35  Marine  
  171  13:38  Marine  
  171  13:39  Terran Ship Weapons Level 2  
  171  13:40  Marauder  
  171  13:41  SCV x2  
  167  13:42  SCV  
  167  13:46  Marine x2  
  167  13:48  Sensor Tower  
  170  13:49  Marine x3  
  170  13:50  Marauder  
  170  13:53  Medivac  
  170  13:54  Widow Mine x2, Medivac  
  180  13:57  Ghost  
  180  14:01  Marauder  
  179  14:03  Marine x2  
  179  14:07  Marauder  
  181  14:11  Missile Turret  
  176  14:18  Ghost x2  
  176  14:20  Marauder, Marine x2  
  178  14:24  Marine  
  178  14:29  Marine, Marauder  
  176  14:33  Widow Mine x2  
  176  14:34  Marauder  
  176  14:35  Marauder  
  176  14:38  Viking x2  
  188  14:40  Ghost  
  189  14:52  Marauder x2  
  174  15:01  Marine  
  174  15:02  Marauder x2, Marine  
  174  15:04  Marine x2  
  174  15:05  Marauder  
  168  15:09  Marine  
  168  15:11  Widow Mine x2, Medivac x2  
  168  15:13  Marauder, Marine  
  164  15:19  Marine  
  164  15:21  Marine  
  163  15:22  Marine  
  163  15:23  Marauder  
  163  15:24  Marauder  
  163  15:26  Marauder, Marine  
  163  15:27  Marine  
  169  15:30  Marine  
  169  15:34  Marauder  
  164  15:37  Marine  
  164  15:39  Marine  
  164  15:40  Marine  
  164  15:41  SCV  
  164  15:44  Marine  
  164  15:45  Marine, Marauder x2  
  164  15:47  Medivac x2  
  164  15:48  Marine, Marauder  
  164  15:49  Orbital Command  
  175  15:56  Marauder  
  173  16:02  Marine x2  
  173  16:03  Widow Mine  
  173  16:04  Widow Mine, SCV, Marauder  
  182  16:06  SCV  
  176  16:22  Marine  
  176  16:23  Marauder, Marine  
  164  16:25  Medivac x2  
  164  16:26  Widow Mine  
  164  16:27  Widow Mine, Marauder, Marine  
  164  16:28  Marine x2  
  151  16:32  Marine  
  151  16:33  Marauder  
  151  16:36  Marine  
  141  16:45  SCV  
Show
View Real Time Build Order
Export as new Build Order

Lemon Protoss - Winner!

Build Orders: 1 Gate Expand, Blink Stalkers 

Get SALT Encoding   

  12  0:00  Probe  
  13  0:12  Probe  
  14  0:17  Pylon  
  14  0:24  Probe (Chrono Boost)  
  15  0:36  Probe (Chrono Boost)  
  15  0:38  Gateway  
  16  0:44  Probe (Chrono Boost)  
  16  0:47  Assimilator  
  17  0:50  Probe  
  18  1:03  Probe  
  19  1:15  Probe  
  20  1:24  Cybernetics Core  
  20  1:33  Nexus  
  20  1:36  Probe  
  21  1:43  Pylon  
  21  1:48  Probe  
  21  1:51  Assimilator  
  22  1:58  Adept (Chrono Boost)  
  22  2:00  Probe  
  25  2:02  Warp Gate  
  25  2:12  Probe  
  26  2:18  Adept (Chrono Boost)  
  28  2:26  Probe  
  28  2:27  Twilight Council  
  29  2:38  Probe  
  29  2:40  Gateway  
  30  2:45  Probe  
  30  2:50  Probe  
  30  2:51  Stalker  
  34  2:57  Probe  
  35  3:00  Blink (Chrono Boost)  
  35  3:02  Probe  
  36  3:09  Probe  
  37  3:14  Probe  
  38  3:21  Probe  
  38  3:22  Robotics Facility  
  39  3:27  Probe  
  39  3:31  Gateway  
  39  3:33  Probe  
  41  3:39  Probe  
  42  3:41  Pylon  
  42  3:45  Probe  
  43  3:51  Stalker  
  43  3:54  Probe  
  43  3:55  Pylon  
  46  3:57  Assimilator  
  46  3:59  Stalker  
  46  4:02  Probe  
  49  4:05  Shield Battery  
  49  4:06  Probe  
  50  4:14  Probe  
  50  4:16  Observer, Stalker  
  52  4:18  Probe  
  52  4:24  Stalker  
  56  4:26  Stalker, Probe  
  56  4:30  Pylon  
  59  4:32  Pylon  
  59  4:42  Stalker  
  59  4:49  Nexus  
  59  4:54  Immortal (Chrono Boost)  
  63  5:06  Stalker x2  
  65  5:13  Stalker  
  67  5:17  Pylon  
  67  5:21  Observer  
  67  5:25  Probe x2  
  63  5:39  Stalker x3  
  63  5:40  Probe x2  
  67  5:43  Robotics Bay  
  67  5:50  Forge  
  67  5:53  Pylon, Probe (Chrono Boost)  
  67  5:54  Probe (Chrono Boost)  
  69  5:57  Charge  
  69  6:01  Probe (Chrono Boost)  
  71  6:05  Pylon, Probe (Chrono Boost)  
  71  6:10  Probe x2 (Chrono Boost)  
  73  6:11  Probe (Chrono Boost)  
  73  6:12  Gateway  
  73  6:13  Gateway  
  73  6:16  Probe  
  75  6:20  Protoss Ground Weapons Level 1 (Chrono Boost), Probe  
  75  6:21  Probe  
  77  6:28  Probe  
  77  6:30  Nexus  
  78  6:37  Colossus (Chrono Boost)  
  78  6:43  Probe  
  78  6:44  Probe  
  83  6:49  Extended Thermal Lance, Gateway x2  
  83  6:51  Probe  
  84  6:55  Probe  
  84  6:57  Stalker  
  84  7:00  Zealot  
  84  7:01  Pylon  
  89  7:03  Gateway  
  89  7:06  Probe  
  89  7:07  Probe  
  91  7:11  Probe  
  92  7:19  Pylon, Probe x2, Colossus (Chrono Boost)  
  100  7:24  Shield Battery, Probe  
  100  7:26  Zealot x2, Observer  
  105  7:30  Shield Battery  
  105  7:31  Probe x2  
  105  7:32  Pylon  
  105  7:36  Probe  
  108  7:38  Pylon  
  108  7:41  Zealot  
  108  7:42  Forge, Probe  
  108  7:43  Probe x2  
  113  7:46  Zealot x2  
  117  7:56  Observer (Chrono Boost)  
  117  7:57  Nexus  
  117  8:01  Probe x4  
  117  8:02  Stalker  
  124  8:05  Robotics Facility  
  124  8:08  Observer  
  124  8:09  Robotics Facility  
  124  8:10  Zealot  
  126  8:15  Probe  
  126  8:16  Probe x3  
  126  8:18  Assimilator x2  
  130  8:20  Observer, Disruptor (Chrono Boost)  
  130  8:26  Zealot x4  
  142  8:28  Probe x2  
  142  8:31  Stalker  
  146  8:36  Observer  
  146  8:38  Zealot x3  
  146  8:39  Protoss Ground Armor Level 1 (Chrono Boost)  
  149  8:45  Pylon  
  149  8:47  Zealot x4  
  157  8:56  Observer, Gateway  
  157  8:58  Gateway  
  157  9:00  Pylon  
  156  9:03  Pylon  
  156  9:04  Probe  
  156  9:05  Protoss Ground Weapons Level 2 (Chrono Boost)  
  157  9:10  Probe x3  
  157  9:11  Probe  
  157  9:14  Pylon, Disruptor  
  157  9:17  Zealot x5, Gateway  
  167  9:20  Gateway  
  171  9:26  Zealot x3  
  171  9:30  Disruptor  
  185  9:38  Zealot x5  
  189  9:42  Assimilator  
  189  9:43  Assimilator  
  191  9:46  Stalker x2  
  191  9:47  Stalker  
  195  9:56  Pylon  
  195  9:59  Observer  
  195  10:10  Assimilator  
  195  10:14  Disruptor  
  195  10:17  Photon Cannon, Shield Battery  
  195  10:19  Zealot  
  200  10:28  Disruptor, Gateway x2  
  198  10:33  Pylon, Gateway  
  193  10:36  Gateway  
  183  10:44  Pylon  
  183  10:45  Pylon  
  169  10:51  Zealot x6  
  169  10:52  Zealot x4  
  159  11:04  Protoss Ground Weapons Level 3 (Chrono Boost)  
  159  11:05  Stalker  
  159  11:06  Protoss Ground Armor Level 2 (Chrono Boost)  
  159  11:10  Nexus  
  157  11:12  Observer  
  157  11:15  Pylon, Disruptor x2  
  165  11:20  Pylon, Nexus  
  165  11:21  Assimilator  
  164  11:26  Stalker x4  
  164  11:27  Zealot x5  
  164  11:29  Probe x3  
  164  11:30  Probe  
  184  11:41  Probe  
  184  11:43  Zealot x6  
  197  11:51  Disruptor  
  187  11:55  Disruptor x2  
  187  11:57  Probe x2  
  187  11:58  Probe x2  
  199  12:05  Assimilator  
  199  12:07  Assimilator  
  199  12:11  Zealot x3  
  199  12:12  Observer  
  187  12:16  Probe x4  
  187  12:18  Stalker x2  
  195  12:23  Probe  
  195  12:27  Nexus  
  195  12:28  Probe x3  
  199  12:32  Pylon  
  199  12:33  Observer  
  200  12:41  Gateway  
  200  12:42  Gateway  
  200  12:43  Gateway x2  
  200  12:50  Stalker  
  200  12:51  Pylon  
  200  12:59  Protoss Ground Armor Level 3 (Chrono Boost)  
  177  13:23  Stalker x4, Nexus  
  177  13:24  Stalker  
  177  13:25  Probe x2  
  177  13:26  Probe  
  181  13:31  Zealot x6  
  187  13:36  Probe  
  186  13:42  Pylon  
  186  13:47  Photon Cannon  
  164  14:05  Observer x3, Stalker x4  
  164  14:07  Gateway  
  172  14:20  Stalker x5  
  182  14:27  Protoss Shields Level 1 (Chrono Boost)  
  182  14:29  Zealot x6  
  194  14:33  Probe x2  
  194  14:50  Stalker x3  
  190  15:05  Zealot x10  
  188  15:09  Zealot x4  
  194  15:18  Zealot x3  
  197  15:43  Pylon  
  192  15:57  Pylon  
  192  15:59  Dark Shrine  
  192  16:01  Zealot x4  
  200  16:07  Gateway  
  200  16:09  Gateway  
  200  16:10  Nexus, Gateway  
  200  16:12  Gateway  
  196  16:22  Zealot  
  178  16:26  Zealot x14  
  178  16:27  Zealot  
  181  16:38  Zealot x4  
Tags
 
Add a new tag
Caveats
  • Supply blocks, unpowered buildings, or Contaminate may cause inaccurate times.
  • Supply counts are checked every 10 seconds.